[ AOE2 MATCH · #495833317 ]
UnrankedKhmer vs Hindustanis
Player's team · WIN
[ REPLAY ANALYSIS · EXTRACTED FROM THE RECORDED GAME ]
Feudal
8:53
Castle
20:29
Imperial
—
| APM avg | 63.7 |
| APM peak | 107 |
| eAPM avg | 32.2 |
| Villagers / military | 118 / 75 |
Focus
⚔️ 38.8% · 🌾 61.2%
Scout Cavalry ×35 · Spearman ×27 · Monk ×6 · Knight ×6 · Battering Ram ×1
Feudal
9:16
Castle
23:09
Imperial
—
| APM avg | 63.3 |
| APM peak | 121 |
| eAPM avg | 30.3 |
| Villagers / military | 77 / 81 |
Focus
⚔️ 33.1% · 🌾 66.9%
Camel Scout ×55 · Spearman ×11 · Scout Cavalry ×9 · Monk ×3 · Armored Elephant ×3
Match map
Initial resources + every placement click. Lines = walls · curves = elevation contours. ◆ gold · ⬟ stone · ● berries · ✦ relic · ◌ wall gap
Your base· Open — opponent sealed themselves in
juligrancella's base· ✓ Closed at 23:09 · 39t walls · 1 gate(s)
Smoothed initial terrain · ◌ = detected wall gap · hover for details
Inputs per minute
— Baldeitus - - juligrancella
Build order — Baldeitus
First 150 of 282 actions detected
| 0:00 | Create | Villager (Male) |
| 0:00 | Create | Villager (Male) |
| 0:00 | Create | Villager (Male) |
| 0:02 | Build | House |
| 0:03 | Build | House |
| 0:08 | Create | Villager (Male) |
| 0:08 | Create | Villager (Male) |
| 1:26 | Create | Villager (Male) |
| 1:56 | Create | Villager (Male) |
| 1:57 | Build | Lumber Camp |
| 2:11 | Create | Villager (Male) |
| 2:39 | Create | Villager (Male) |
| 2:39 | Create | Villager (Male) |
| 2:51 | Create | Villager (Male) |
| 3:01 | Build | House |
| 3:27 | Build | House |
| 3:33 | Create | Villager (Male) |
| 3:47 | Create | Villager (Male) |
| 3:47 | Create | Villager (Male) |
| 4:12 | Create | Villager (Male) |
| 4:13 | Create | Villager (Male) |
| 4:13 | Create | Villager (Male) |
| 4:30 | Create | Villager (Male) |
| 5:11 | Build | Mill |
| 5:39 | Research | Loom |
| 6:15 | Create | Villager (Male) |
| 6:43 | Research | Feudal Age |
| 6:43 | Research | Feudal Age |
| 7:09 | Build | House |
| 7:24 | Build | House |
| 8:34 | Create | Villager (Male) |
| 8:53 | Create | Villager (Male) |
| 8:53 | Age | Feudal Age |
| 8:54 | Build | Stable |
| 8:57 | Research | Double-Bit Axe |
| 8:58 | Create | Villager (Male) |
| 9:09 | Research | Horse Collar |
| 9:10 | Create | Villager (Male) |
| 9:29 | Create | Villager (Male) |
| 9:32 | Create | Scout Cavalry |
| 9:32 | Create | Scout Cavalry |
| 9:35 | Build | Farm |
| 9:44 | Create | Villager (Male) |
| 9:46 | Build | Farm |
| 9:50 | Create | Scout Cavalry |
| 9:53 | Build | Farm |
| 9:54 | Create | Villager (Male) |
| 9:54 | Create | Villager (Male) |
| 10:07 | Build | Farm |
| 10:20 | Build | Farm |
| 10:23 | Create | Villager (Male) |
| 10:42 | Build | Farm |
| 10:43 | Build | Farm |
| 10:45 | Create | Scout Cavalry |
| 10:56 | Build | Farm |
| 11:04 | Create | Villager (Male) |
| 11:04 | Create | Villager (Male) |
| 11:10 | Build | House |
| 11:20 | Build | Farm |
| 11:25 | Create | Villager (Male) |
| 11:35 | Build | Farm |
| 11:39 | Create | Scout Cavalry |
| 11:39 | Create | Scout Cavalry |
| 11:53 | Build | Farm |
| 11:54 | Create | Villager (Male) |
| 12:10 | Create | Scout Cavalry |
| 12:14 | Build | Farm |
| 12:18 | Create | Villager (Male) |
| 12:30 | Build | Farm |
| 12:30 | Create | Villager (Male) |
| 12:34 | Build | House |
| 12:44 | Create | Scout Cavalry |
| 12:48 | Create | Villager (Male) |
| 12:48 | Create | Villager (Male) |
| 12:51 | Build | Farm |
| 12:54 | Create | Villager (Male) |
| 12:57 | Build | House |
| 13:12 | Create | Scout Cavalry |
| 13:35 | Create | Villager (Male) |
| 13:43 | Create | Scout Cavalry |
| 13:46 | Build | House |
| 13:48 | Build | Mining Camp |
| 13:53 | Create | Scout Cavalry |
| 13:54 | Create | Villager (Male) |
| 14:04 | Build | House |
| 14:09 | Create | Scout Cavalry |
| 14:12 | Create | Villager (Male) |
| 14:17 | Create | Villager (Male) |
| 14:19 | Create | Villager (Male) |
| 14:31 | Build | Blacksmith |
| 14:44 | Create | Scout Cavalry |
| 14:45 | Create | Villager (Male) |
| 15:05 | Research | Bloodlines |
| 15:19 | Create | Villager (Male) |
| 15:26 | Research | Forging |
| 15:26 | Research | Forging |
| 15:29 | Build | Farm |
| 15:51 | Create | Villager (Male) |
| 15:57 | Build | Farm |
| 16:08 | Create | Villager (Male) |
| 16:15 | Build | Farm |
| 16:48 | Create | Villager (Male) |
| 17:05 | Build | Farm |
| 17:39 | Build | Market |
| 17:49 | Research | Castle Age |
| 18:15 | Create | Scout Cavalry |
| 18:15 | Create | Scout Cavalry |
| 18:31 | Build | Stable |
| 18:44 | Build | Lumber Camp |
| 18:48 | Create | Scout Cavalry |
| 19:10 | Create | Scout Cavalry |
| 19:19 | Build | House |
| 19:24 | Create | Scout Cavalry |
| 19:24 | Create | Scout Cavalry |
| 19:51 | Build | House |
| 19:54 | Build | House |
| 20:10 | Create | Scout Cavalry |
| 20:11 | Create | Scout Cavalry |
| 20:11 | Create | Scout Cavalry |
| 20:11 | Create | Scout Cavalry |
| 20:29 | Age | Castle Age |
| 20:35 | Research | Light Cavalry (upgrade) |
| 20:36 | Create | Villager (Male) |
| 20:59 | Create | Villager (Male) |
| 21:09 | Create | Villager (Male) |
| 21:16 | Build | Siege Workshop |
| 21:19 | Create | Villager (Male) |
| 21:20 | Create | Scout Cavalry |
| 21:26 | Research | Iron Casting |
| 21:26 | Research | Scale Barding Armor |
| 21:30 | Create | Villager (Male) |
| 21:43 | Create | Scout Cavalry |
| 21:45 | Create | Villager (Male) |
| 22:01 | Build | Farm |
| 22:08 | Create | Scout Cavalry |
| 22:09 | Create | Scout Cavalry |
| 22:15 | Create | Villager (Male) |
| 22:20 | Create | Scout Cavalry |
| 22:21 | Create | Scout Cavalry |
| 22:26 | Research | Husbandry |
| 22:32 | Build | House |
| 22:38 | Build | Palisade Wall |
| 22:40 | Build | Palisade Wall |
| 22:56 | Create | Villager (Male) |
| 22:56 | Create | Villager (Male) |
| 23:20 | Build | House |
| 23:23 | Create | Villager (Male) |
| 23:34 | Create | Villager (Male) |
| 23:47 | Create | Battering Ram |
| 23:52 | Create | Villager (Male) |
Build order — juligrancella
First 150 of 251 actions detected
| 0:00 | Create | Villager (Male) |
| 0:01 | Create | Villager (Male) |
| 0:01 | Create | Villager (Male) |
| 0:02 | Build | House |
| 0:03 | Build | House |
| 0:13 | Create | Villager (Male) |
| 0:13 | Create | Villager (Male) |
| 0:58 | Create | Villager (Male) |
| 1:30 | Create | Villager (Male) |
| 2:01 | Build | Lumber Camp |
| 2:06 | Create | Villager (Male) |
| 2:16 | Create | Villager (Male) |
| 2:40 | Build | House |
| 2:41 | Build | House |
| 2:50 | Create | Villager (Male) |
| 2:50 | Create | Villager (Male) |
| 3:08 | Create | Villager (Male) |
| 3:16 | Build | House |
| 3:41 | Create | Villager (Male) |
| 3:42 | Create | Villager (Male) |
| 4:02 | Create | Villager (Male) |
| 4:35 | Create | Villager (Male) |
| 4:35 | Create | Villager (Male) |
| 4:46 | Create | Villager (Male) |
| 4:47 | Create | Villager (Male) |
| 4:57 | Build | Mill |
| 5:06 | Create | Villager (Male) |
| 5:06 | Create | Villager (Male) |
| 6:00 | Research | Loom |
| 7:05 | Research | Feudal Age |
| 7:05 | Research | Feudal Age |
| 7:05 | Research | Feudal Age |
| 7:38 | Build | Barracks |
| 8:03 | Create | Villager (Male) |
| 8:12 | Build | House |
| 8:14 | Build | Palisade Wall |
| 8:32 | Create | Villager (Male) |
| 9:16 | Age | Feudal Age |
| 9:18 | Build | Stable |
| 9:46 | Create | Villager (Male) |
| 9:58 | Create | Villager (Male) |
| 10:15 | Create | Spearman |
| 10:17 | Build | Mill |
| 10:22 | Create | Spearman |
| 10:22 | Create | Spearman |
| 10:27 | Build | House |
| 10:29 | Build | Palisade Wall |
| 10:44 | Create | Villager (Male) |
| 10:47 | Create | Scout Cavalry |
| 10:47 | Create | Scout Cavalry |
| 10:52 | Research | Double-Bit Axe |
| 10:55 | Build | House |
| 10:58 | Build | Palisade Wall |
| 11:25 | Create | Villager (Male) |
| 11:25 | Create | Villager (Male) |
| 11:26 | Build | Farm |
| 11:27 | Build | Farm |
| 11:41 | Build | House |
| 11:50 | Create | Villager (Male) |
| 11:51 | Create | Villager (Male) |
| 11:55 | Build | Farm |
| 11:58 | Build | Farm |
| 12:01 | Build | Farm |
| 12:04 | Create | Villager (Male) |
| 12:10 | Build | House |
| 12:14 | Build | Palisade Wall |
| 12:15 | Build | Palisade Wall |
| 12:15 | Build | Palisade Wall |
| 12:22 | Build | Farm |
| 12:28 | Create | Villager (Male) |
| 12:33 | Create | Scout Cavalry |
| 12:33 | Create | Scout Cavalry |
| 12:38 | Build | Farm |
| 12:59 | Create | Villager (Male) |
| 13:02 | Build | Farm |
| 13:12 | Create | Scout Cavalry |
| 13:19 | Build | Farm |
| 13:20 | Create | Villager (Male) |
| 13:29 | Build | House |
| 13:33 | Create | Scout Cavalry |
| 13:52 | Build | Farm |
| 13:53 | Build | Farm |
| 13:57 | Create | Villager (Male) |
| 14:03 | Build | House |
| 14:10 | Create | Villager (Male) |
| 14:16 | Create | Scout Cavalry |
| 14:23 | Build | Farm |
| 14:27 | Build | Farm |
| 14:38 | Build | House |
| 14:40 | Create | Villager (Male) |
| 14:51 | Create | Villager (Male) |
| 15:07 | Create | Scout Cavalry |
| 15:44 | Create | Villager (Male) |
| 15:44 | Create | Villager (Male) |
| 15:57 | Build | Farm |
| 15:58 | Create | Villager (Male) |
| 16:06 | Build | Blacksmith |
| 16:10 | Create | Villager (Male) |
| 16:20 | Build | Mining Camp |
| 16:22 | Build | House |
| 16:29 | Create | Scout Cavalry |
| 16:34 | Build | House |
| 16:50 | Build | Palisade Wall |
| 17:03 | Build | House |
| 17:10 | Create | Villager (Male) |
| 17:22 | Create | Spearman |
| 17:25 | Create | Villager (Male) |
| 17:42 | Build | Palisade Gate |
| 17:50 | Create | Spearman |
| 17:53 | Create | Spearman |
| 18:07 | Build | Farm |
| 18:08 | Create | Villager (Male) |
| 18:16 | Build | Farm |
| 18:17 | Build | Farm |
| 18:17 | Build | Farm |
| 18:22 | Build | Farm |
| 18:30 | Create | Spearman |
| 18:32 | Create | Villager (Male) |
| 18:41 | Build | Farm |
| 18:48 | Create | Villager (Male) |
| 18:56 | Create | Spearman |
| 19:17 | Create | Villager (Male) |
| 19:29 | Create | Spearman |
| 19:45 | Build | Farm |
| 20:29 | Research | Castle Age |
| 20:33 | Build | Stable |
| 20:45 | Research | Forging |
| 21:10 | Build | House |
| 21:16 | Build | Lumber Camp |
| 21:19 | Research | Horse Collar |
| 21:23 | Research | Gold Mining |
| 21:30 | Create | Villager (Male) |
| 21:35 | Research | Bloodlines |
| 21:54 | Research | Scale Barding Armor |
| 21:58 | Create | Spearman |
| 21:59 | Create | Spearman |
| 22:27 | Create | Villager (Male) |
| 23:09 | Create | Villager (Male) |
| 23:09 | Age | Castle Age |
| 23:11 | Create | Camel Scout |
| 23:11 | Create | Camel Scout |
| 23:12 | Create | Camel Scout |
| 23:12 | Create | Camel Scout |
| 23:13 | Create | Camel Scout |
| 23:15 | Build | Stable |
| 23:29 | Research | Chain Barding Armor |
| 23:41 | Create | Camel Scout |
| 23:43 | Build | Farm |
| 23:46 | Build | Farm |
| 23:51 | Create | Camel Scout |
Match timeline
| 7:38 | juligrancella · first_building Barracks |
| 8:14 | juligrancella · wall_segment Palisade Wall x6 |
| 8:53 | Baldeitus · age_up feudal |
| 8:54 | Baldeitus · first_building Stable |
| 9:16 | juligrancella · age_up feudal |
| 9:18 | juligrancella · first_building Stable |
| 10:29 | juligrancella · wall_segment Palisade Wall x7 |
| 10:58 | juligrancella · wall_segment Palisade Wall x17 |
| 12:14 | juligrancella · wall_segment Palisade Wall x6 |
| 12:15 | juligrancella · wall_segment Palisade Wall x1 |
| 12:15 | juligrancella · wall_segment Palisade Wall x1 |
| 16:50 | juligrancella · wall_segment Palisade Wall x1 |
| 20:29 | Baldeitus · age_up castle |
| 21:16 | Baldeitus · first_building Siege Workshop |
| 21:24 | Baldeitus · first_market_buy 100 food |
| 22:38 | Baldeitus · wall_segment Palisade Wall x1 |
| 22:40 | Baldeitus · wall_segment Palisade Wall x1 |
| 23:09 | juligrancella · age_up castle |
| 27:22 | Baldeitus · first_building Monastery |
| 27:32 | juligrancella · first_building Siege Workshop |
| 27:54 | Baldeitus · first_building Barracks |
| 29:01 | Baldeitus · first_market_sell 100 wood |
| 29:40 | juligrancella · first_building Monastery |
| 32:28 | juligrancella · resign |
[ AI ANALYSIS · 1 CREDIT ]
What really happened in this match?
Wolo.gg analyzes every decision: build order, eco, micro, common mistakes by bracket. Personalized analysis on WhatsApp or Discord in 30 seconds.
Civ guide
Khmer
Perfil
Archlord